 Dungeon Crawl Stone Soup version 0.27-a0-1193-g8631133539 (webtiles) character file.

Game seed: 9585117157372752125

308 Mesmaeker13 the Caller (level 5, -2/38 HPs)
             Began as a Demigod Summoner on May 26, 2021.
             Slain by an unseen horror (9 damage)
             ... on level 4 of the Dungeon.
             The game lasted 00:09:41 (6317 turns).

Mesmaeker13 the Caller (Demigod Summoner)           Turns: 6317, Time: 00:09:42

Health: -2/38      AC:  8    Str:  9    XL:     5   Next: 94%
Magic:  3/13       EV: 12    Int: 21    God:
Gold:   185        SH:  0    Dex: 14    Spells: 4/10 levels left

rFire    . . .     SeeInvis .   j - +0 spear
rCold    . . .     Faith    .   (no shield)
rNeg     . . .     Spirit   .   b - +3 leather armour
rPois    .         Reflect  .   (no helmet)
rElec    .         Harm     .   a - +0 cloak
rCorr    .         Rampage  .   (no gloves)
Will     .....                  l - +0 pair of boots
Stlth    ++........             (no amulet)
HPRegen  0.12/turn              (no ring)
MPRegen  0.13/turn              (no ring)

@: no status effects
A: high mp 1, forlorn
a: no special abilities


You were on level 4 of the Dungeon.
You visited 2 branches of the dungeon, and saw 6 of its levels.

You collected 185 gold pieces.

Inventory:

Hand Weapons
 j - a +0 spear (weapon)
Missiles
 h - 21 poisoned darts
 i - a throwing net
 n - 7 curare-tipped darts
Armour
 a - a +0 cloak (worn)
 b - a +3 leather armour (worn)
 l - a +0 pair of boots (worn)
Scrolls
 c - 4 scrolls of identify
 d - a scroll of fear
 e - 2 scrolls of magic mapping
 f - a scroll of enchant armour
 g - a scroll of immolation
Potions
 m - a potion of mutation


   Skills:
 + Level 3.7 Dodging
 - Level 1.7 Stealth
 + Level 3.4 Spellcasting
 + Level 4.9 Summonings


You had 4 spell levels left.
You knew the following spells:

 Your Spells              Type           Power      Damage    Failure   Level
a - Summon Small Mammal   Summ           96%        N/A       2%          1
b - Call Imp              Summ           24%        N/A       3%          2
c - Call Canine Familiar  Summ           24%        N/A       7%          3

Your spell library contained the following spells:

 Spells                   Type           Power      Damage    Failure   Level
 Animate Skeleton         Necr           6%         N/A       19%         1
 Freeze                   Ice            12%        1d4       19%         1
 Pain                     Necr           12%        1d4       19%         1
 Summon Guardian Golem    Hex/Summ       13%        N/A       21%         3
 Frozen Ramparts          Ice            6%         1d2       47%         3
 Ozocubu's Armour         Ice            3%         N/A       47%         3
 Vampiric Draining        Necr           1%         2d6       47%         3
 Summon Ice Beast         Ice/Summ       13%        N/A       54%         4
 Summon Lightning Spire   Summ/Air       13%        N/A       54%         4
 Animate Dead             Necr           1%         N/A       87%         4
 Hailstorm                Conj/Ice       3%         3d3       87%         4
 Agony                    Necr           3%         N/A       99%         5
 Metabolic Englaciation   Hex/Ice        1%         N/A       99%         5


Dungeon Overview and Level Annotations

Branches:
Dungeon (5/15)             Temple (1/1) D:4

Shops:
D:1 (


Innate Abilities, Weirdness & Mutations

Your attributes grow dramatically as you level up.
You have an increased reservoir of magic. (+10% MP)
You shall have no god before yourself.


Message History

Something hits you. Something hits you but does no damage. Something hits you.
Something hits you.
Casting: Call Canine Familiar (dangerous; 7% risk of failure)
Confirm with . or Enter, or press ? or * to list all spells.
Something hits you.
Your hound bites something but does no damage.
Something hits you.
* * * LOW HITPOINT WARNING * * *
Something barely misses you.
Your hound barely misses something.
Your hound bites something.
Something hits you.
* * * LOW HITPOINT WARNING * * *
You feel better. Something hits you but does no damage.
Your hound closely misses something.
Blink to where?
Press: ? - help, Dir - move target
As you read the scroll labelled MAORCHOCIGE, it crumbles to dust.
It was a scroll of blinking.
Something hits you. Something hits you but does no damage.
Casting: Call Canine Familiar (dangerous; 7% risk of failure)
Confirm with . or Enter, or press ? or * to list all spells.
Something hits you. Something hits you but does no damage.
Your hound barely misses something.
Something hits your hound!
Your hound closely misses something.
Something closely misses your hound.
Your hound bites something.
Something hits you but does no damage.
There is a stone staircase leading up here.
Something hits you but does no damage. Something hits your hound.
You climb upwards.
Reactivating autopickup.
There is a stone staircase leading down here.
You start resting.
Something hits you!
* * * LOW HITPOINT WARNING * * *
Deactivating autopickup; reactivate with Ctrl-A.
Something barely misses you.
You start resting.
Something hits you!
You die...

##..# ##..# #..##
#..# ##..# #..##
#..## #...# ##..#
#...# #..## #...#
##..# #...#
###..######...#
#@............#
#.........#...##
##.......##....#
#.......##....# #
##.....###....###
####
##.....##....#..
##..###
##.#...#.......
#.....###
###...#.......
##.......##
##..........


There were no monsters in sight!

Vanquished Creatures
  A hound (D:4)
  An iguana (D:4)
  A gnoll (D:3)
  3 orcs (D:3)
  An endoplasm (D:4)
  3 giant cockroaches
  5 goblins
  A kobold (D:2)
  A quokka (D:4)
  5 ball pythons
  A bat (D:2)
  A frilled lizard (D:1)
  2 rats (D:2)
26 creatures vanquished.

Vanquished Creatures (collateral kills)
  An ogre (D:4)
  A scorpion (D:4)
  A centaur zombie (D:4)
  An orc priest (D:3)
  A hound (D:4)
  A centaur skeleton (D:4)
  An orc wizard (D:3)
  A nameless horror (D:2)
  5 gnolls
  4 adders
  A worm (D:2)
  3 orcs
  3 endoplasms
  A giant cockroach (D:3)
  A goblin (D:3)
  4 hobgoblins
  5 kobolds
  3 quokkas
  2 bats (D:1)
  A rat (D:1)
41 creatures vanquished.

Vanquished Creatures (others)
  A hobgoblin (D:4)
1 creature vanquished.

Grand Total: 68 creatures vanquished

Notes
Turn   | Place    | Note
-------+----------+-------------------------------------------
     0 | D:1      | Mesmaeker13 the Demigod Summoner began the quest for the
                  | Orb.
     0 | D:1      | Reached XP level 1. HP: 14/14 MP: 5/5
  1043 | D:1      | Found Ykhinear's Weapon Shop.
  1085 | D:1      | Reached XP level 2. HP: 2/20 MP: 4/7
  1449 | D:2      | Learned a level 2 spell: Call Imp
  2612 | D:3      | Reached skill level 4 in Summonings
  2612 | D:3      | Reached XP level 3. HP: 19/26 MP: 9/9
  2742 | D:3      | Learned a level 3 spell: Call Canine Familiar
  2913 | D:3      | Noticed a nameless horror
  2974 | D:2      | Killed a nameless horror
  3826 | D:3      | Reached XP level 4. HP: 12/33 MP: 5/10
  4544 | D:4      | Noticed an earth elemental
  4548 | D:4      | Noticed an air elemental
  4548 | D:4      | Noticed a fire elemental
  4548 | D:4      | Noticed a water elemental
  5067 | D:4      | Found a staircase to the Ecumenical Temple.
  5080 | D:4      | Reached XP level 5. HP: 38/38 MP: 3/12
  5816 | D:4      | Noticed an ogre
  5834 | D:4      | Killed an ogre
  6146 | Temple   | Entered the Ecumenical Temple
  6216 | D:5      | Entered Level 5 of the Dungeon
  6216 | D:5      | Noticed an ogre
  6317 | D:4      | Slain by an unseen horror

Illustrated notes

Levels and vault maps discovered:
D:1:      dpeg_arrival_stone_temple_mockup, layout_basic, serial_shops,
          nicolae_shop_window_shopping
D:2:      layout_rooms, hellmonk_ecumenical_altar_crossroads
D:3:      layout_basic, palyth_stone_intersect, corexii_corridor_pit,
          minmay_misc_feat_square
D:4:      layout_cave_pods, nicolae_qazlal_style_of_elements, temple_pool_b
D:5:      layout_basic, jmf_multi_god_temple, minmay_hollow_rounded_squares
Temple:   nicolae_temple_x_marks_the_god

Skill      XL: |  1  2  3  4 |
---------------+-------------+-----
Dodging        | 2 3 |  3.7
Spellcasting   | 2 3 |  3.4
Summonings     | 4 |  4.9
Stealth        | |  1.7

Action                   |  1- 3 |  4- 6 || total
-------------------------+-------+-------++-------
Melee: Unarmed           |    19 |       ||    19
       Short sword       |    52 |       ||    52
       Spear             |    30 |   102 ||   132
 Cast: Summon Small Mamm |    29 |       ||    29
       Call Imp          |    28 |    26 ||    54
       Call Canine Famil |     5 |    10 ||    15
  Use: Scroll            |     4 |     2 ||     6
       Potion            |       |     2 ||     2
 Stab: Distracted        |     2 |     2 ||     4
       Sleeping          |     2 |     1 ||     3
Armor: Leather armour    |    38 |    51 ||    89
       Robe              |     3 |       ||     3
Dodge: Dodged            |    75 |    57 ||   132

Table legend: (Time is in decaauts)
 A = Elapsed time spent in this place.
 B = Non-inter-level travel time spent in this place.
 C = Inter-level travel time spent in this place.
 D = Time resting spent in this place.
 E = Time spent auto-exploring this place.
 F = Levels seen in this place.
 G = Mean time per level.
                   A        B        C        D        E       F      G
               +--------+--------+--------+--------+--------+-----+--------+
         Total |   6342 |   6050 |    292 |   1859 |   2912 |   6 | 1057.0 |
       Dungeon |   6319 |   6030 |    289 |   1859 |   2895 |   5 | 1263.8 |
        Temple |     22 |     19 |      3 |      0 |     17 |   1 |   22.0 |
               +--------+--------+--------+--------+--------+-----+--------+

Top non-repeatable levels by time:
     D:3: 2145 daAuts
     D:4: 1721 daAuts
     D:1: 1442 daAuts
     D:2: 938 daAuts
     D:5: 72 daAuts
  Temple: 22 daAuts
